 Dungeon Crawl Stone Soup version 0.17-b1-15-g0f5fb43 (webtiles) character file.

207 Eucla the Skirmisher (level 5, -3/72 HPs)
             Began as a Minotaur Berserker on Nov 7, 2015.
             Was a Believer of Trog.
             Slain by Eucla's ghost (6 damage)
             ... on level 4 of the Dungeon.
             The game lasted 00:02:25 (1982 turns).

Eucla the Skirmisher (Minotaur Berserker)           Turns: 1982, Time: 00:02:25

Health: -3/72      AC:  9    Str: 27    XL:     5   Next: 54%
Magic:  4/4        EV: 12    Int:  4    God:    Trog [**....]
Gold:   178        SH:  0    Dex: 10    Spells: 0 memorised, 4 levels left

rFire  . . .     SeeInvis .     a - +0 hand axe
rCold  . . .     Clarity  .     k - +0 ring mail
rNeg   . . .     SustAt   .     (no shield)
rPois  .         Gourm    .     f - +0 hat
rElec  .         Spirit   .     h - +2 cloak
rCorr  .         Warding  .     (no gloves)
rMut   .         Stasis   .     (no boots)
MR     .....                    (no amulet)
Stlth  ..........               (no ring)
                                (no ring)

@: berserking (expiring), lethally poisoned (-3 -> -4), very quick, not
resistant to hostile enchantments, extremely unstealthy
A: retaliatory headbutt, horns 2
a: Berserk, Trog's Hand, Burn Spellbooks, Renounce Religion


You were on level 4 of the Dungeon.
You worshipped Trog.
Trog was pleased with you.
You were hungry.

You visited 1 branch of the dungeon, and saw 4 of its levels.

You collected 178 gold pieces.

Inventory:

Hand Weapons
 a - a +0 hand axe (weapon)
Armour
 b - a +0 animal skin
 f - a +0 hat (worn)
 h - a +2 cloak (worn)
 k - a +0 ring mail (worn)
Scrolls
 e - 2 scrolls of remove curse {unknown}
 j - a scroll of noise {unknown}
 l - 2 scrolls of teleportation {unknown}
 n - 2 scrolls of enchant weapon {unknown}
 o - a scroll of random uselessness {unknown}
 p - 2 scrolls of enchant armour {unknown}
 r - a scroll of recharging {unknown}
 s - a scroll of magic mapping {unknown}
 t - a scroll of immolation {unknown}
 u - a scroll of amnesia {unknown}
Potions
 d - 2 potions of heal wounds {unknown}
 g - a potion of curing {unknown}
 i - 2 potions of brilliance {unknown}
 m - a potion of degeneration {unknown}
 q - a potion of lignification {unknown}
Comestibles
 c - 3 bread rations


   Skills:
 + Level 5.1 Fighting
 + Level 4.6 Axes
 + Level 4.1 Armour
 + Level 3.6 Dodging


You had 4 spell levels left.
You didn't know any spells.

Dungeon Overview and Level Annotations

Branches:
Dungeon (4/15)
 Temple: D:4-7

Altars:
Makhleb

Annotations:
D:4 Eucla's ghost, amateur MiGl


Innate Abilities, Weirdness & Mutations

You reflexively headbutt those who attack you in melee.
You have a pair of horns on your head.


Message History

Eucla's ghost is almost destroyed.
You slash Blork the orc!
Blork the orc is almost dead.
Blork the orc points at you and mumbles some strange words.
The puff of flame hits you!
* * * LOW HITPOINT WARNING * * *
You closely miss Eucla's ghost.
Eucla's ghost is almost destroyed.
You hit Blork the orc.
You kill Blork the orc!
Trog accepts your kill.
Trog appreciates your killing of a magic user.
Your Fighting skill increases to level 5!
Your Armour skill increases to level 4!
Eucla's ghost hits you.
* * * LOW HITPOINT WARNING * * *
You closely miss Eucla's ghost. Your headbutt misses Eucla's ghost.
Eucla's ghost is severely damaged.
Eucla's ghost hits you.
You die...

... .[... ......
...... ......
...... #....
...... .#....#
#..#...
.......##.....#
..............#
.......).....##
.......W@.....#
........†.......
............#.##
####.###......#
#.. #........ ##
...#.....
##.......
#.#####


You could see Eucla's ghost.

Vanquished Creatures
  Blork the orc (D:4)
  A worker ant (D:4)
  2 adders (D:3)
  3 gnolls (D:2)
  2 oozes
  2 worms
  An adder skeleton (D:4)
  2 giant geckos
  2 orcs (D:3)
  2 ball pythons (D:1)
  4 bats
  2 giant cockroaches
  2 goblins
  6 hobgoblins
  7 kobolds
  A quokka (D:2)
  5 giant newts
  8 rats
53 creatures vanquished.

Notes
Turn   | Place    | Note
--------------------------------------------------------------
     0 | D:1      | Eucla the Minotaur Berserker began the quest for the Orb.
     0 | D:1      | Reached XP level 1. HP: 19/19 MP: 0/0
   118 | D:1      | Reached XP level 2. HP: 25/27 MP: 1/1
   576 | D:2      | Reached skill level 4 in Fighting
   641 | D:2      | Reached XP level 3. HP: 26/33 MP: 2/2
   784 | D:2      | Reached ** piety under Trog
   800 | D:2      | Reached XP level 4. HP: 36/41 MP: 3/3
  1594 | D:3      | Found a burning altar of Makhleb.
  1958 | D:4      | Noticed Eucla's ghost (amateur MiGl)
  1962 | D:4      | Noticed Blork the orc
  1966 | D:4      | Reached XP level 5. HP: 43/47 MP: 4/4
  1981 | D:4      | Killed Blork the orc
  1981 | D:4      | Reached skill level 5 in Fighting
  1981 | D:4      | HP: 3/72 [Eucla's ghost (3)]
  1982 | D:4      | Slain by Eucla's ghost

Action                   |  1- 3 |  4- 6 || total
-------------------------+-------+-------++-------
Melee: Hand axe          |    42 |    75 ||   117
Invok: Berserk           |     1 |     1 ||     2
  Eat: Chunk             |       |     4 ||     4
